Map: Ultralove

Players

wootwoot - Winner!

  • Race: Protoss Protoss
  • League: Gold
  • Spawn Location: 7:00

Blanknown

  • Race: Terran Terran
  • Spawn Location: 1:00

VOD

Have the link to the VOD?

Description

Time

  • Played on: April 21, 2025, 12:26 p.m.
  • Length: 3:02
Show
View Real Time Build Order
Export as new Build Order

wootwoot Protoss - Winner!

Build Orders:  

Get SALT Encoding   

  12  0:00  Probe  
  13  0:12  Probe  
  14  0:24  Probe, Pylon  
  15  0:42  Gateway  
  15  0:44  Assimilator  
  15  0:49  Pylon  
  15  1:08  Gateway  
  15  1:11  Gateway  
  15  1:29  Cybernetics Core  
  15  1:34  Probe  
  16  1:46  Probe  
  17  1:54  Stalker x2  
  21  2:20  Stalker x2  
  25  2:35  Shield Battery  
  25  2:38  Probe  
Show
View Real Time Build Order
Export as new Build Order

Blanknown Terran 

Build Orders: 1/1/1 

Get SALT Encoding   

  12  0:10  Refinery  
  12  0:17  Supply Depot  
  12  0:21  SCV  
  13  0:42  Barracks  
  13  0:45  SCV  
  14  0:55  Refinery  
  14  0:57  SCV  
  15  1:13  Supply Depot, SCV  
  16  1:32  Factory  
  16  1:34  Reaper  
  17  1:49  Orbital Command  
  17  2:06  Reaper  
  18  2:15  Factory Tech Lab  
  18  2:21  Starport  
Tags
 
League
Gold
Matchup
PvT
Opening
1/1/1
Replay Pack
#1B2M-Replays
Spawn Locations
Cross Positions
Add a new tag
Caveats
  • Supply blocks, unpowered buildings, or Contaminate may cause inaccurate times.
  • Supply counts are checked every 10 seconds.